 Dungeon Crawl Stone Soup version 0.21-a0-150-gc243083 (webtiles) character file.

56236 Duffy the Severer (level 14, -8/132 HPs)
             Began as a Naga Gladiator on July 27, 2017.
             Was the Champion of the Shining One.
             Mangled by a dire elephant (16 damage)
             ... on level 6 of the Lair of Beasts.
             The game lasted 00:26:32 (24605 turns).

Duffy the Severer (Naga Gladiator)                 Turns: 24605, Time: 00:26:33

Health: -8/132     AC: 26    Str: 21    XL:     14   Next: 80%
Magic:  21/21      EV: 11    Int: 10    God:    the Shining One [******]
Gold:   882        SH:  0    Dex: 17    Spells: 12/13 levels left

rFire    . . .     SeeInvis +   a - +3 battleaxe "Dujif" {chop, +Inv}
rCold    . . .     Gourm    .   (shield currently unavailable)
rNeg     + + +     Faith    .   F - +0 plate armour
rPois    +         Spirit   .   N - +2 helmet
rElec    .         Reflect  .   X - +0 cloak
rCorr    .         Harm     .   M - +0 pair of gloves
MR       +....                  (no barding)
Stlth    ..........             (no amulet)
HPRegen  0.32/turn              S - +2 ring of protection
MPRegen  0.17/turn              E - +3 ring of protection

@: agile, glowing, very slow
A: see invisible, deformed body, poison resistance, slowness 2, slow metabolism
1, spit poison 1, constrict 1, AC +4
a: Spit Poison, Divine Shield, Cleansing Flame, Summon Divine Warrior, Brand
Weapon With Holy Wrath, Renounce Religion, Evoke Invisibility


You were on level 6 of the Lair of Beasts.
You worshipped the Shining One.
The Shining One was exalted by your worship.
You were not hungry.

You visited 2 branches of the dungeon, and saw 17 of its levels.
You also visited: Labyrinth.

You collected 984 gold pieces.
You spent 102 gold pieces at shops.

Inventory:

Hand Weapons
 a - the +3 battleaxe "Dujif" (weapon) {chop, +Inv}
   (You found it on level 6 of the Lair of Beasts)

   It inflicts extra damage upon your enemies.
   It lets you turn invisible.
 y - a +1 whip of electrocution
 Q - a +3 battleaxe
 T - a +0 blowgun
Missiles
 d - 6 throwing nets (quivered)
 U - 6 curare-tipped needles
Armour
 F - a +0 plate armour (worn)
 M - a +0 pair of gloves (worn)
 N - a +2 helmet (worn)
 X - a +0 cloak (worn)
Jewellery
 l - the ring of Oghuel {Ice rPois}
   (You found it in a labyrinth)

   [ring of ice]

   It enhances your ice magic.
   It makes you vulnerable to fire.
   It protects you from cold.
   It protects you from poison.
 n - an uncursed ring of flight
 w - an uncursed ring of protection from magic
 E - a +3 ring of protection (right hand)
 S - a +2 ring of protection (left hand)
Wands
 H - a wand of lightning (9/15)
 I - a wand of paralysis (10/24)
Scrolls
 e - 2 scrolls of vulnerability
 i - 6 scrolls of enchant weapon
 j - 6 scrolls of teleportation
 o - a scroll of immolation
 r - a scroll of silence
 u - 2 scrolls of fear
 v - 2 scrolls of magic mapping
 x - 2 scrolls of enchant armour
 C - 6 scrolls of remove curse
 Z - a scroll of fog
Potions
 b - 3 potions of mutation
 c - 2 potions of brilliance
 g - 2 potions of agility
 k - 3 potions of flight
 s - 2 potions of haste
 t - 2 potions of heal wounds
 z - a potion of might
 B - 7 potions of curing
 D - a potion of ambrosia
 O - a potion of magic
 V - a potion of cancellation
Miscellaneous
 A - a lamp of fire
 L - a phial of floods
 P - a sack of spiders
Comestibles
 f - 17 bread rations
 m - 10 meat rations
 K - 7 fruits


   Skills:
 - Level 10.0 Fighting
 * Level 16.0 Axes
 - Level 1.7 Throwing
 + Level 11.1 Armour
 - Level 2.4 Dodging
 - Level 10.0 Invocations
 - Level 6.0 Evocations


You had 12 spell levels left.
You knew the following spells:

 Your Spells              Type           Power        Failure   Level  Hunger
a - Apportation           Tloc           #.....       99%         1    ##.....


Dungeon Overview and Level Annotations

Branches:
Dungeon (11/15)            Temple (0/1) D:5            Lair (6/6) D:11
 Shoals (0/4) Lair:3       Spider (0/4) Lair:2        Slime (0/5) Lair:6
    Orc (0/2) D:9

Altars:
Cheibriados
Fedhas
Hepliaklqana
Makhleb
Sif Muna
Trog
Yredelemnul
The Shining One
Beogh

Shops:
D:4 :   D:5 ?


Innate Abilities, Weirdness & Mutations

You cannot wear boots.
Your serpentine skin is tough. (AC +4)
You have supernaturally acute eyesight. (SInv)
Armour fits poorly on your strangely shaped body.
Your system is resistant to poisons. (rPois)
You cover ground very slowly.
You have a slow metabolism.
You can spit poison.
You can use your snake-like lower body to constrict enemies.


Message History

You hit the dire elephant.
The dire elephant is heavily wounded.
The dire elephant misses you.
The dire elephant trunk-slaps you but does no damage.
You hit the dire elephant.
The dire elephant is heavily wounded.
The dire elephant tramples you!
You hold your ground!
The dire elephant trunk-slaps you.
You hit the dire elephant but do no damage.
The dire elephant is heavily wounded.
The dire elephant tramples you!!
You hold your ground!
The dire elephant trunk-slaps you.
You hit the dire elephant.
The dire elephant is heavily wounded.
The dire elephant tramples you!
You hold your ground!
The dire elephant barely misses you.
You hit the dire elephant.
The dire elephant is heavily wounded.
The dire elephant tramples you!
You die...

*8,,8##8.#..##
*#++####.#.##
##~~~.##.#..#
#~~~~~.#.#..#
#~~~~~~#.#..#
*..~~~##.#.P#
*#%..~#..#.##
##+####.##..#
#8@8#...#7.##
###.Y.#.###...##
##.#..##.##.....#
#..'..#P.##.....# #
###..'..#.##7....## #
#...#####.# 7.....# #
#....#8...# #7....# ####
#....'..###**#....###...
#....#8..+,,,#7....#....


You could see a dire elephant.

Vanquished Creatures
  The ghost of braks the Blocker, a journeyman OpFi of Ru (Lair:6)
  A minotaur (Lab)
  Erolcha (D:9)
  7 hydras
  Harold (Lair:2)
  An anaconda (Lair:6)
  3 two-headed ogres
  5 death yaks (Lair:5)
  Sonja (Lair:2)
  2 unseen horrors
  Pikel (D:4)
  An ugly thing (D:11)
  A wolf spider (Lair:2)
  12 elephants
  A centaur zombie (D:11)
  3 merfolk sirens (Lair:3)
  A gargoyle (D:10)
  5 black mambas
  8 spiny frogs
  5 komodo dragons
  5 rime drakes
  A troll (D:10)
  A merfolk (Lair:3)
  A polar bear (Lair:4)
  A meliai zombie (D:11)
  13 dream sheep
  A blink frog (Lair:3)
  7 hippogriffs
  Sigmund (D:4)
  6 wyverns
  A redback (Lair:2)
  A wraith (D:10)
  A basilisk (Lair:3)
  49 yaks
  Grum (Lair:1)
  2 wargs (D:11)
  22 water moccasins
  14 porcupines
  9 orc warriors
  A black bear (Lair:1)
  2 ice beasts
  2 sky beasts (D:5)
  4 phantoms
  7 ogres
  A necrophage (D:9)
  20 wolves
  4 centaurs
  17 crocodiles
  A big kobold (D:9)
  13 bullfrogs
  2 elf zombies (D:7)
  6 scorpions
  21 killer bees
  A troll zombie (D:7)
  10 wights
  3 howler monkeys (D:7)
  4 crimson imps
  A bullfrog zombie (D:10)
  3 hounds
  3 jellies
  2 bullfrog skeletons
  16 orc priests
  2 centaur skeletons
  4 human zombies (D:7)
  22 orc wizards
  5 iguanas
  8 worker ants
  A human skeleton (D:7)
  5 hell rats (Lair:3)
  An ogre skeleton (D:7)
  A hound zombie (D:8)
  3 hound skeletons
  A mummy (D:7)
  Robin (D:2)
  A worker ant zombie (D:10)
  11 adders
  A howler monkey skeleton (D:7)
  4 river rats (Lair:3)
  4 shadow imps
  2 adder zombies
  An adder skeleton (D:5)
  2 worms
  2 dart slugs
  4 leopard geckos
  80 orcs
  7 bats
  2 giant cockroaches (D:2)
  10 goblins
  8 hobgoblins
  11 jackals
  11 kobolds
  8 quokkas
  A ball python (D:5)
  3 frilled lizards
  An orc zombie (D:7)
  10 rats
  3 fungi
  20 plants
603 creatures vanquished.

Vanquished Creatures (others)
  A scorpion (D:4)
  An orc priest (D:4)
  4 orcs (D:4)
  A giant cockroach (D:4)
  14 fungi
  16 plants
37 creatures vanquished.

Grand Total: 640 creatures vanquished

Notes
Turn   | Place    | Note
-------+----------+-------------------------------------------
     0 | D:1      | Duffy the Naga Gladiator began the quest for the Orb.
     0 | D:1      | Reached XP level 1. HP: 19/19 MP: 1/1
   438 | D:1      | Reached XP level 2. HP: 22/26 MP: 2/2
  1058 | D:1      | Found a glowing golden altar of the Shining One.
  1147 | D:1      | Became a worshipper of the Shining One
  1183 | D:2      | Reached skill level 4 in Axes
  1343 | D:1      | Reached XP level 3. HP: 30/32 MP: 3/3
  1629 | D:2      | Noticed Robin
  1638 | D:2      | Killed Robin
  2236 | D:2      | Reached XP level 4. HP: 32/39 MP: 4/4
  2252 | D:2      | Reached skill level 5 in Axes
  2647 | D:2      | Reached XP level 5. HP: 29/46 MP: 5/5
  2852 | D:4      | Found Tasaiw's Book Boutique.
  3016 | D:4      | Reached skill level 6 in Axes
  3016 | D:4      | Reached XP level 6. HP: 46/56 MP: 6/6
  3152 | D:4      | Reached * piety under the Shining One
  3210 | D:4      | Noticed a phantom
  3230 | D:4      | Killed a phantom
  3336 | D:4      | Noticed a slave
  3336 | D:4      | Noticed a slave
  3337 | D:4      | Noticed a slave
  3338 | D:4      | Noticed Pikel
  3339 | D:4      | Noticed a slave
  3351 | D:4      | Killed Pikel
  3351 | D:4      | Reached skill level 8 in Axes
  3351 | D:4      | Reached XP level 7. HP: 62/62 MP: 7/7
  3351 | D:4      | Reached XP level 8. HP: 70/70 MP: 8/8
  3420 | D:4      | Learned a level 1 spell: Apportation
  3642 | D:4      | Reached skill level 9 in Axes
  3798 | D:4      | Noticed Sigmund
  3807 | D:4      | Killed Sigmund
  3880 | D:4      | Found a snail-covered altar of Cheibriados.
  4072 | D:5      | Entered Level 5 of the Dungeon
  4288 | D:5      | Found Pucuag's Magic Scroll Emporium.
  4296 | D:5      | Bought a scroll of magic mapping for 42 gold pieces
  4296 | D:5      | Bought a scroll of identify for 24 gold pieces
  4296 | D:5      | Bought a scroll of identify for 24 gold pieces
  4296 | D:5      | Bought a scroll of noise for 12 gold pieces
  4330 | D:5      | Reached skill level 10 in Axes
  4683 | D:5      | Found a staircase to the Ecumenical Temple.
  4896 | D:5      | Reached skill level 1 in Armour
  5186 | D:5      | Found a burning altar of Makhleb.
  5519 | D:6      | Reached XP level 9. HP: 76/79 MP: 9/9
  6009 | D:6      | Reached skill level 5 in Fighting
  6663 | D:6      | Reached ** piety under the Shining One
  7130 | D:7      | Reached skill level 5 in Armour
  7131 | D:7      | Reached XP level 10. HP: 94/94 MP: 10/10
  7622 | D:7      | Reached *** piety under the Shining One
  7870 | D:7      | Found a basalt altar of Yredelemnul.
  8273 | D:8      | Noticed a two-headed ogre
  8273 | D:8      | Reached **** piety under the Shining One
  8277 | D:8      | Noticed a two-headed ogre
  8289 | D:7      | Killed a two-headed ogre
  8640 | D:8      | Noticed a two-headed ogre
  8647 | D:8      | Killed a two-headed ogre
  8803 | D:8      | Reached skill level 11 in Axes
  8829 | D:8      | Found a bloodstained altar of Trog.
  9017 | D:8      | Reached XP level 11. HP: 72/106 MP: 11/11
  9961 | D:9      | Noticed a two-headed ogre
  9977 | D:9      | Killed a two-headed ogre
 10257 | D:9      | Noticed Erolcha
 10265 | D:9      | Killed Erolcha
 10265 | D:9      | Reached skill level 10 in Fighting
 10324 | D:9      | Found a roughly hewn altar of Beogh.
 10324 | D:9      | Found a staircase to the Orcish Mines.
 10328 | D:9      | Reached ***** piety under the Shining One
 10489 | D:9      | Reached skill level 1 in Evocations
 10850 | D:9      | Found a hazy altar of Hepliaklqana.
 10852 | D:9      | Found a deep blue altar of Sif Muna.
 11248 | D:9      | Noticed an unseen horror
 11254 | D:9      | Killed an unseen horror
 11313 | D:10     | Entered Level 10 of the Dungeon
 11870 | D:10     | Reached skill level 1 in Invocations
 11933 | D:10     | Reached skill level 12 in Axes
 12457 | D:11     | Noticed a purple ugly thing
 12464 | D:10     | Reached XP level 12. HP: 100/115 MP: 15/15
 12544 | D:10     | Reached skill level 5 in Evocations
 13440 | D:11     | Found a staircase to the Lair.
 13622 | Lair:1   | Entered Level 1 of the Lair of Beasts
 13878 | Lair:1   | Noticed Grum
 14166 | Lair:1   | Killed Grum
 14371 | Lair:1   | Reached skill level 5 in Invocations
 15346 | Lair:2   | Noticed Sonja
 15348 | Lair:2   | Killed Sonja
 15392 | Lair:2   | Reached skill level 13 in Axes
 15625 | Lair:2   | Found a hole to the Spider Nest.
 15899 | Lair:2   | Gained mutation: You can use your snake-like lower body to constrict enemies. [Naga growth]
 15899 | Lair:2   | Reached XP level 13. HP: 106/122 MP: 17/17
 16456 | Lair:2   | Noticed Harold
 16470 | Lair:2   | Killed Harold
 17408 | Lair:3   | Found a blossoming altar of Fedhas.
 18684 | Lair:3   | Found a staircase to the Shoals.
 18712 | Lair:3   | Reached skill level 14 in Axes
 18899 | Lair:3   | Reached skill level 10 in Armour
 19857 | Lair:4   | Found a burning altar of Makhleb.
 21415 | Lair:5   | Reached ****** piety under the Shining One
 21433 | Lair:5   | Reached XP level 14. HP: 54/132 MP: 20/20
 22061 | Lair:5   | Reached skill level 15 in Axes
 22970 | Lair:6   | Entered Level 6 of the Lair of Beasts
 23115 | Lair:6   | Got a pitted battleaxe
 23116 | Lair:6   | Identified the +3 battleaxe "Dujif" {chop, +Inv} (You found it on level 6 of the Lair of Beasts)
 23151 | Lair:6   | Found a labyrinth entrance.
 23160 | Lab      | Entered a labyrinth
 23457 | Lab      | Got a steaming turquoise ring
 23462 | Lab      | Identified the ring of Oghuel {Ice rPois} (You found it in a labyrinth)
 23488 | Lair:6   | Noticed braks's ghost (journeyman OpFi)
 23508 | Lair:6   | Killed braks's ghost
 23746 | Lair:6   | Reached skill level 10 in Invocations
 24026 | Lair:6   | Reached skill level 16 in Axes
 24250 | Lair:6   | Found a staircase to the Slime Pits.
 24593 | Lair:6   | Noticed a dire elephant
 24605 | Lair:6   | Mangled by a dire elephant

Vault maps used:
D:1:      lemuel_arrival_muddy, tso_metal_star
D:2:      minmay_misc_feat_chi, kennysheep_pointless_box, uniq_robin
D:3:      serial_curves, eino_curves_02, eino_curves_04,
          uniq_crazy_yiuf_cottage, uniq_ijyb, uniq_grinder
D:4:      lemuel_crystal_altar, serial_shops, shop, first_bread, uniq_pikel,
          uniq_sigmund
D:5:      minmay_temple_entry_large_hall, basic_altar, serial_shops,
          shop_scrolls, corexii_shack, wad_floor_pattern_untrapped,
          roderic_ancient_swastika
D:6:      serial_glass, glass_columns_a, glass_columns_c
D:7:      lemuel_mausoleum_altar_yredelemnul
D:8:      nicolae_overflow_crystal_walls, overflow_temple_1_default
D:9:      chequers_temple_overflow_statue_of_worship, david_orc_5, uniq_erolcha
D:11:     erik_lair_orcish_takeover
Lair:1:   uniq_grum
Lair:2:   minmay_guarded_unrand_snakebite, spider_nest_entry_funnel_web,
          uniq_harold, uniq_sonja
Lair:3:   wad_woods_structure_01, elwin_shoals_entry_stream, basic_altar,
          kennysheep_abandoned_house
Lair:4:   basic_altar
Lair:6:   due_jungle_book, slime_dummy, lab_entry_generic
Lab:      nicolae_lab_lava, labyrinth_skeletal_remains, lab_fountain,
          labyrinth_fake_exit

Skill      XL: |  1  2  3  4  5  6  7  8  9 10 11 12 13 14 |
---------------+-------------------------------------------+-----
Axes           | 4 5 6 8 10 11 12 13 14 16 | 16.0
Fighting       | 3 4 7 9 10 | 10.0
Armour         | 1 5 6 8 9 10 11 | 11.1
Evocations     | 4 6 |  6.0
Invocations    | 1 6 8 10 | 10.0
Throwing       | |  1.7
Dodging        | |  2.4

Action                   |  1- 3 |  4- 6 |  7- 9 | 10-12 | 13-15 || total
-------------------------+-------+-------+-------+-------+-------++-------
Melee: War axe           |   127 |    87 |   181 |       |       ||   395
       Battleaxe         |       |       |    37 |   685 |   583 ||  1305
       Constrict         |       |       |       |       |   103 ||   103
       Whip              |       |       |       |       |    36 ||    36
 Fire: Blowgun           |       |       |       |     2 |       ||     2
Throw: Throwing net      |       |       |       |     1 |       ||     1
 Abil: Spit Poison       |       |       |     4 |     3 |       ||     7
Evoke: Wand              |       |       |       |     6 |    13 ||    19
  Use: Scroll            |       |     6 |     7 |    13 |     6 ||    32
       Potion            |       |     1 |     2 |     2 |     3 ||     8
  Eat: Chunk             |     3 |     3 |    10 |    10 |    14 ||    40
       Royal jelly       |       |       |       |     5 |     2 ||     7
       Fruit             |       |       |       |     2 |    10 ||    12
Armor: Leather armour    |    24 |       |       |       |       ||    24
       Scale mail        |    59 |    14 |       |       |       ||    73
       Chain mail        |       |    32 |    59 |       |       ||    91
       Plate armour      |       |       |    65 |   587 |   496 ||  1148
       Skin              |       |       |    31 |     1 |       ||    32
Dodge: Dodged            |    89 |    14 |    14 |   216 |   152 ||   485
Block: Shield            |     9 |    19 |    42 |       |       ||    70
       Large shield      |       |    21 |    33 |       |       ||    54
